 Dungeon Crawl Stone Soup version 0.29-a0-121-g8efb068a30 (webtiles) character file.

Game seed: 15429882054282339273

101 cyrus the Caller (level 4, -3/24 HPs)
             Began as a Deep Elf Summoner on Feb 20, 2022.
             Was a Believer of Cheibriados.
             Slain by an orc (5 damage)
             ... on level 3 of the Dungeon.
             The game lasted 00:11:54 (4784 turns).

cyrus the Caller (Deep Elf Summoner)                Turns: 4784, Time: 00:11:55

Health: -3/24      AC:  2    Str: 12    XL:     4   Next: 48%
Magic:  8/12       EV: 13    Int: 25    God:    Cheibriados [**....]
Gold:   80         SH:  0    Dex: 20    Spells: 6/12 levels left

rFire   . . .      SeeInvis .   l - +0 spear
rCold   . . .      Faith    .   (no shield)
rNeg    . . .      Spirit   .   a - +0 robe
rPois   .          Reflect  .   (no helmet)
rElec   .          Harm     .   (no cloak)
rCorr   .          Rampage  .   (no gloves)
Will    .....                   (no boots)
Stlth   +++.......              (no amulet)
HPRegen 0.08/turn               (no ring)
MPRegen 0.13/turn               (no ring)

@: studying Long Blades, very slow
A: no striking features
a: Renounce Religion, Bend Time


You were on level 3 of the Dungeon.
You worshipped Cheibriados.
Cheibriados was pleased with you.
You visited 1 branch of the dungeon, and saw 3 of its levels.

You collected 80 gold pieces.

Inventory:

Hand Weapons
 b - a +0 club
 i - a +0 dagger
 l - a +0 spear (weapon)
 p - the +3 giant club "Skullcrusher" {speed, Str+7}
   (You found it on level 3 of the Dungeon)

   Attacks with this weapon are significantly faster.
   Str:       It affects your strength (+7).
   Cheibriados disapproves of the use of such an item.
Missiles
 f - 7 bolts
Armour
 a - a +0 robe (worn)
Wands
 o - a wand of paralysis (13)
Scrolls
 d - a scroll of torment {unknown}
 h - a scroll of magic mapping {unknown}
 j - a scroll of identify {unknown}
 k - a scroll of amnesia {unknown}
 m - 4 scrolls of teleportation {unknown}
 n - a scroll of brand weapon {unknown}
Potions
 c - a potion of haste {unknown}
 e - 2 potions of mutation {unknown}
 g - 2 potions of curing {unknown}
 q - a potion of heal wounds {unknown}


   Skills:
 + Level 0.2 Fighting
 + Level 0.1 Short Blades
 + Level 0.3 Maces & Flails
 + Level 0.1 Polearms
 + Level 2.6 Dodging
 + Level 2.8 Stealth
 + Level 4.5 Spellcasting
 + Level 5.4 Summonings


You had 6 spell levels left.
You knew the following spells:

 Your Spells              Type           Power      Damage    Failure   Level
a - Summon Small Mammal   Summ           100%       N/A       1%          1
b - Call Imp              Summ           32%        N/A       1%          2
c - Summon Guardian Gole  Hex/Summ       19%        N/A       9%          3

Your spell library contained the following spells:

 Spells                   Type           Power      Damage    Failure   Level
 Call Canine Familiar     Summ           32%        N/A       2%          3
 Foxfire                  Conj/Fire      20%        2x1d5     9%          1
 Conjure Flame            Conj/Fire      5%         6-21      26%         3
 Inner Flame              Hex/Fire       5%         N/A       26%         3
 Portal Projectile        Hex/Tloc       10%        N/A       26%         3
 Summon Lightning Spire   Summ/Air       19%        N/A       28%         4
 Flame Wave               Conj/Fire      5%         2d5       65%         4
 Blade Hands              Tmut           2%         N/A       94%         5
 Excruciating Wounds      Necr           2%         N/A       94%         5


Dungeon Overview and Level Annotations

Branches:
Dungeon (3/15)

Altars:
Cheibriados


Message History

The orc wizard hits you but does no damage.
The orc hits your guardian golem but does no damage.
The orc barely misses your quokka. x2; Your quokka barely misses the orc.
Unknown command.
You're too confused to cast spells.
Unknown command.
The giant cockroach misses you.
The orc completely misses your guardian golem.
Your quokka bites the orc.
The orc dies!
Cheibriados appreciates the change of pace.
The giant cockroach bites you but does no damage.
The orc hits you with a +0 mace.
* * * LOW HITPOINT WARNING * * *
You hit the giant cockroach.
The giant cockroach is severely wounded.
Your crimson imp blinks!
The orc wizard barely misses you.
The orc hits your quokka with a +0 dagger.
Your quokka dies!
Your quokka's corpse disappears in a puff of smoke!
The giant cockroach closely misses you.
Unknown command.
You hit the orc wizard.
The orc wizard is lightly wounded.
You feel less confused.
Your guardian golem disappears in a puff of smoke!
The orc wizard hits you with a +0 dagger.
* * * LOW HITPOINT WARNING * * *
The giant cockroach barely misses you. The orc closely misses you.
The orc wizard hits you but does no damage.
The giant cockroach bites you but does no damage.
The orc barely misses you. The giant cockroach closely misses you.
Unknown command.
Your crimson imp blinks!
The rat completely misses your crimson imp.
The giant cockroach bites you.
* * * LOW HITPOINT WARNING * * *
The orc hits you with a +0 mace.
You die...

........##.........
...........##.........
###...........#......###
#... .........#......#
#... #...........######
####...###.###...........#
#..........###.).........#
#.......oo.....###.......#
#...§.r5oB@....# .........
..##...#o.......+.........
#.).#..§..####.........
.....#......# #.........
.....#....................
.....#....#...... P......
.... #....#.....P. ....
#....#.....P.


You could see an orc wizard, 3 orcs, a giant cockroach, a rat and a friendly
crimson imp (summoned).

Vanquished Creatures
  2 adder skeletons (D:2)
  A dart slug (D:1)
  2 ball pythons
  A bat skeleton (D:2)
  2 endoplasms
  4 goblins
  3 hobgoblins (D:1)
  A jackal (D:1)
  A bat (D:1)
  A frilled lizard (D:2)
  3 kobolds
  A rat (D:1)
22 creatures vanquished.

Vanquished Creatures (collateral kills)
  3 adders
  2 adder zombies (D:2)
  2 orcs (D:3)
  A bat skeleton (D:2)
  An endoplasm (D:2)
  A giant cockroach (D:1)
  5 goblins
  2 hobgoblins (D:3)
  A jackal (D:1)
  A quokka (D:2)
  3 ball pythons
  2 ball python zombies (D:2)
  2 bats
  3 frilled lizards
  A kobold (D:2)
  6 rats
36 creatures vanquished.

Vanquished Creatures (others)
  6 plants (D:3)
  2 withered plants (D:2)
8 creatures vanquished.

Grand Total: 66 creatures vanquished

Notes
Turn   | Place    | Note
-------+----------+-------------------------------------------
     0 | D:1      | cyrus the Deep Elf Summoner began the quest for the Orb.
     0 | D:1      | Reached XP level 1. HP: 10/10 MP: 6/6
   724 | D:1      | Reached XP level 2. HP: 7/15 MP: 6/8
  1810 | D:1      | Learned a level 2 spell: Call Imp
  1943 | D:1      | Reached skill level 5 in Summonings
  2118 | D:1      | Found a faded altar of an unknown god.
  2405 | D:1      | Prayed at the altar of an unknown god.
  2405 | D:1      | Became a worshipper of Cheibriados the Contemplative
  2405 | D:1      | Reached * piety under Cheibriados
  2488 | D:2      | Reached XP level 3. HP: 19/19 MP: 6/9
  3322 | D:2      | Reached ** piety under Cheibriados
  3879 | D:2      | Reached XP level 4. HP: 24/24 MP: 8/12
  4131 | D:3      | Found the +3 giant club "Skullcrusher" {speed, Str+7}
  4223 | D:3      | Learned a level 3 spell: Summon Guardian Golem
  4784 | D:3      | Slain by an orc

Illustrated notes

Levels and vault maps discovered:
D:1:      kilobyte_arrival_exit_the_forest, layout_loops_ring,
          nicolae_ecumenical_lake_church, minmay_crystal_water
D:2:      layout_loops_ring, serial_undead, serial_undead_e, serial_undead_a,
          serial_undead_a, serial_undead_f, serial_undead_c, serial_undead_c,
          serial_undead_e, serial_undead_d, chequers_mini_garden,
          amcnicky_mini_rare_corridor_liquid, feat_on_display
D:3:      layout_basic, serial_forest, infiniplex_forest_clump_tiny,
          infiniplex_forest_straight_2, infiniplex_forest_clump_double,
          infiniplex_forest_end_3, infiniplex_forest_clump_diagonal, minmay_puff

Skill      XL: |  1  2  3 |
---------------+----------+-----
Summonings     | 5 |  5.4
Spellcasting   | 4 |  4.5
Fighting       | |  0.2
Short Blades   | |  0.1
Maces & Flails | |  0.3
Polearms       | |  0.1
Dodging        | |  2.6
Stealth        | |  2.8

Action                   |  1- 3 |  4- 6 || total
-------------------------+-------+-------++-------
Melee: Club              |    39 |       ||    39
       Punch             |     1 |       ||     1
       Dagger            |    11 |       ||    11
       Spear             |    32 |    20 ||    52
 Cast: Summon Small Mamm |    50 |    16 ||    66
       Call Imp          |    13 |     5 ||    18
       Summon Guardian G |       |     2 ||     2
Invok: Bend Time         |     1 |     1 ||     2
 Stab: Sleeping          |     2 |     1 ||     3
       Distracted        |     1 |       ||     1
Armor: Robe              |    23 |    11 ||    34
Dodge: Dodged            |    66 |    22 ||    88

Table legend: (Time is in decaauts)
 A = Elapsed time spent in this place.
 B = Non-inter-level travel time spent in this place.
 C = Inter-level travel time spent in this place.
 D = Time resting spent in this place.
 E = Time spent auto-exploring this place.
 F = Levels seen in this place.
 G = Mean time per level.
                   A        B        C        D        E       F      G
               +--------+--------+--------+--------+--------+-----+--------+
         Total |   5144 |   5108 |     36 |   2212 |   2051 |   3 | 1714.7 |
       Dungeon |   5144 |   5108 |     36 |   2212 |   2051 |   3 | 1714.7 |
               +--------+--------+--------+--------+--------+-----+--------+

Top non-repeatable levels by time:
     D:1: 2492 daAuts
     D:2: 1922 daAuts
     D:3: 729 daAuts
